 Dungeon Crawl Stone Soup version 0.29.0-13-gc9e81de378 (webtiles) character file.

Game seed: 7292085216354823924

17397 groovy9 the Bludgeoner (level 12, -27/110 HPs)
             Began as a Minotaur Berserker on Sept 8, 2022.
             Was a High Priest of Trog.
             Annihilated by an orc knight
             ... wielding a +0 great mace
              (35 damage)
             ... while paralysed by an orc sorcerer
             ... on level 2 of the Orcish Mines.
             The game lasted 00:45:09 (9137 turns).

groovy9 the Bludgeoner (Minotaur Berserker)         Turns: 9137, Time: 00:45:09

Health: -27/110    AC: 21    Str: 33    XL:     12   Next: 18%
Magic:  11/11      EV:  2    Int:  4    God:    Trog [*****.]
Gold:   923        SH:  0    Dex: 13    Spells: 11/11 levels left

rFire   . . .      SeeInvis +   a - +10 dire flail of the Fulmar {vorpal, rElec rC+}
rCold   + + +      Faith    .   (shield currently unavailable)
rNeg    . . .      Spirit   .   u - +0 plate armour
rPois   .          Reflect  .   m - +0 hat of Kikubaaqudgha's Wrath {Dex+3}
rElec   +          Harm     .   E - +0 cloak
rCorr   .          Rampage  .   N - +0 pair of gloves
Will    .....                   c - +0 pair of boots
Stlth   ..........              e - amulet of regeneration
HPRegen 1.08/turn               l - ring of see invisible
MPRegen 0.12/turn               t - ring of Eggu Zud {Wiz rC++ Will- Str+6}

@: paralysed, on berserk cooldown, slowed
A: horns 2, retaliatory headbutt
a: Renounce Religion, Berserk, Trog's Hand, Brothers in Arms


You were on level 2 of the Orcish Mines.
You worshipped Trog.
Trog was extremely pleased with you.
You visited 3 branches of the dungeon, and saw 13 of its levels.

You collected 1031 gold pieces.
You spent 108 gold pieces at shops.

Inventory:

Hand Weapons
 a - the +10 dire flail of the Fulmar (weapon) {vorpal, rElec rC+}
   (Trog gifted it to you on level 2 of the Orcish Mines)

   It inflicts extra damage upon your enemies.
   rC:        It protects you from cold.
   rElec:     It insulates you from electricity.
 b - a +4 battleaxe
 z - the +7 falchion of Yjeserun {protect, rF+}
   (You found it on level 5 of the Dungeon)

   It grants its wielder temporary protection when it strikes (+7 to AC).
   rF:        It protects you from fire.
 Q - a +2 lajatang
Missiles
 M - 4 boomerangs of dispersal (quivered)
 P - 13 boomerangs
 R - a silver boomerang
Armour
 c - a +0 pair of boots (worn)
 m - the +0 hat of Kikubaaqudgha's Wrath (worn) {Dex+3}
   (You acquired it on level 10 of the Dungeon)

   Dex:       It affects your dexterity (+3).
 u - a +0 plate armour (worn)
 E - a +0 cloak (worn)
 N - a +0 pair of gloves (worn)
Jewellery
 e - an amulet of regeneration (around neck)
 l - a ring of see invisible (left hand)
 n - an amulet of faith
 s - a +6 ring of dexterity
 t - the ring of Eggu Zud (right hand) {Wiz rC++ Will- Str+6}
   (You found it on level 7 of the Dungeon)

   [ring of wizardry]

   It improves your spell success rate.
   Str:       It affects your strength (+6).
   rC:        It greatly protects you from cold.
   Will:      It decreases your willpower.
 w - a ring of protection from cold
 F - a ring of magical power
 K - an amulet of reflection
 O - a ring of flight
Wands
 v - a wand of iceblast (22)
 B - a wand of mindburst (18)
 D - a wand of charming (9)
 L - a wand of flame (8)
Scrolls
 f - 5 scrolls of fear
 i - 7 scrolls of teleportation
 o - a scroll of magic mapping
 r - a scroll of butterflies
 y - a scroll of enchant armour
 G - a scroll of blinking
 J - a scroll of immolation
Potions
 d - 3 potions of attraction
 g - 4 potions of haste
 h - 3 potions of flight
 j - a potion of cancellation
 k - a potion of ambrosia
 p - a potion of degeneration
 q - a potion of brilliance
 x - a potion of berserk rage
 C - a potion of lignification
 H - a potion of heal wounds
Miscellaneous
 I - a lightning rod (4/4)


   Skills:
 + Level 11.0 Fighting
 - Level 15.0 Maces & Flails
 * Level 4.4 Throwing
 + Level 13.6 Armour
 - Level 2.1 Dodging
 - Level 4.9 Evocations


You had 11 spell levels left.
You didn't know any spells.
Your spell library was empty.

Dungeon Overview and Level Annotations

Branches:
Dungeon (10/15)            Temple (1/1) D:5            Lair (0/5) D:10
    Orc (2/2) D:10            Elf (0/3) Orc:2

Altars:
Ashenzari
Dithmenos
Fedhas
Gozag
Hepliaklqana
Kikubaaqudgha
Makhleb
Qazlal
Ru
Sif Muna
Trog
Uskayaw
Vehumet
Wu Jian
Yredelemnul
The Shining One

Shops:
D:9 ?   D:10 *   Orc:1 (   Orc:2 =


Innate Abilities, Weirdness & Mutations

You have a pair of horns on your head.
You reflexively headbutt those who attack you in melee.


Message History

The orcs go into a battle-frenzy!
The orc high priest mumbles some strange prayers to Beogh against you.
Beogh smites you!
An orc high priest comes into view. It is wielding a +0 halberd.
Found a yak skeleton and three rat skeletons.
You feel the effects of Trog's Hand fading.
The orc high priest prays to Beogh.
The orc knight barely misses you. The orc wizard barely misses you.
You furiously retaliate!
You headbutt the orc wizard!
The orc high priest mumbles some strange prayers to Beogh against you.
Beogh smites you!
The orc knight roars a battlecry!
The orc knight goes into a battle-frenzy!
Things that are here:
a +0 scimitar; a +0 chain mail; an orc corpse You barely miss the orc wizard.
The orc wizard is severely wounded.
You hit the orc wizard.
You kill the orc wizard!
Trog accepts your kill.
Trog appreciates your killing of a magic user.
The orc knight hits you with a +0 battleaxe!!
The orc high priest hits you from afar with a +1 glaive of protection!
The orc sorcerer casts a spell at you.
You suddenly lose the ability to move!
The orc high priest prays to Beogh.
The orc knight hits you with a +0 great mace!
The orc knight hits you with a +0 battleaxe!
The orc high priest utters an invocation to Beogh.
Your skin stops crawling.
You feel less strong-willed. The orc priest completely misses you.
The orc high priest hits you from afar with a +1 glaive of protection!
The orc knight hits you with a +0 great mace!!
* * * LOW HITPOINT WARNING * * *
The orc knight completely misses you.
The orc priest looks braver for a moment.
The orc high priest hits you but does no damage.
The orc sorcerer hits you but does no damage.
The orc knight hits you with a +0 great mace!!
You die...

# . . ###### .. #..... #÷....# #.
.....## ## ###....... ##
......##.## #...÷.....
..........# ##...÷...÷.
.........#. ##.oooo.§... #
........... #.).@oo4o÷.. ##
...........##.÷.#o÷44.÷. ##.
........# #..)##4÷.÷..########..
...##......#..)###..####..##).#..
#.#.##.#...#..))##### #.....)....
.....# # .##.....######..))....#
.....# ##...........))#...#.
..#..## ####..........).......
###...# ##.####................


You could see 3 orc knights, 2 orc high priests, 2 hellwings, an ice devil
(summoned), a rust devil (summoned), an orc sorcerer (strong), an orc priest
(strong) and an orc (strong).

Vanquished Creatures
  2 two-headed ogres
  An orc high priest (Orc:2)
  3 orc knights
  A deep elf pyromancer (D:10)
  4 orc sorcerers (Orc:2)
  2 cyclopes
  Maggie (D:6)
  A gargoyle (D:10)
  2 kobold demonologists
  2 komodo dragons (D:10)
  2 trolls
  2 wraiths
  2 shadows (D:9)
  A wyvern (D:8)
  11 yaks
  A warg (Orc:1)
  2 water moccasins
  An ice beast (D:8)
  2 sky beasts
  15 orc warriors
  4 black bears
  6 ogres
  A boggart (D:10)
  A phantom (D:6)
  13 kobold brigands
  3 bullfrogs
  2 necrophages
  A gnoll sergeant (D:10)
  A scorpion (D:4)
  24 wights
  A howler monkey (D:10)
  12 orc priests
  3 hounds (D:6)
  2 jellies
  4 gnoll boudas
  3 iguanas
  21 orc wizards
  24 gnolls
  11 adders
  2 shadow imps
  3 white imps
  An ufetubus (D:6)
  A dart slug (D:1)
  3 worms
  75 orcs
  7 bats
  2 endoplasms (D:1)
  3 giant cockroaches (D:3)
  9 goblins
  5 hobgoblins
  3 jackals (D:5)
  10 kobolds
  4 quokkas
  6 ball pythons
  6 frilled lizards
  9 rats
344 creatures vanquished.

Vanquished Creatures (others)
  An orc (Orc:2)
  6 plants
7 creatures vanquished.

Grand Total: 351 creatures vanquished

Notes
Turn   | Place    | Note
-------+----------+-------------------------------------------
     0 | D:1      | groovy9 the Minotaur Berserker began the quest for the Orb.
     0 | D:1      | Reached XP level 1. HP: 19/19 MP: 0/0
    20 | D:1      | Reached skill level 4 in Maces & Flails
   316 | D:1      | Reached XP level 2. HP: 21/26 MP: 1/1
   563 | D:1      | Reached skill level 5 in Maces & Flails
   740 | D:1      | Reached ** piety under Trog
   741 | D:1      | Reached XP level 3. HP: 31/31 MP: 2/2
  1247 | D:2      | Reached XP level 4. HP: 31/39 MP: 3/3
  1277 | D:2      | Reached skill level 6 in Maces & Flails
  1631 | D:3      | Found an opulent altar of Gozag.
  1685 | D:3      | Reached XP level 5. HP: 45/45 MP: 4/4
  1689 | D:3      | Reached skill level 7 in Maces & Flails
  1877 | D:3      | Found a faded altar of an unknown god.
  2136 | D:4      | Reached skill level 8 in Maces & Flails
  2152 | D:4      | Noticed a black bear
  2158 | D:4      | Killed a black bear
  2159 | D:4      | Reached XP level 6. HP: 51/51 MP: 5/5
  2260 | D:4      | Reached skill level 9 in Maces & Flails
  2312 | D:4      | Reached XP level 7. HP: 53/57 MP: 6/6
  2504 | D:4      | Reached skill level 10 in Maces & Flails
  2516 | D:4      | Reached *** piety under Trog
  2705 | D:5      | Entered Level 5 of the Dungeon
  2740 | D:5      | Found a burning altar of Makhleb.
  2740 | D:5      | Identified the +7 falchion of Yjeserun {protect, rF+}
  2870 | D:5      | Found a staircase to the Ecumenical Temple.
  2874 | D:5      | Reached skill level 11 in Maces & Flails
  3072 | D:5      | Found a glowing golden altar of the Shining One.
  3204 | D:5      | Reached XP level 8. HP: 43/64 MP: 7/7
  3484 | Temple   | Entered the Ecumenical Temple
  3530 | D:5      | Reached skill level 12 in Maces & Flails
  3607 | D:6      | Found a shimmering blue altar of Sif Muna.
  3635 | D:6      | Noticed Maggie
  3641 | D:6      | Killed Maggie
  3642 | D:6      | Reached skill level 13 in Maces & Flails
  3952 | D:6      | Reached skill level 5 in Armour
  4375 | D:6      | Reached XP level 9. HP: 70/70 MP: 8/8
  4800 | D:7      | Found a hide-covered altar of Uskayaw.
  4911 | D:7      | Reached skill level 14 in Maces & Flails
  4935 | D:7      | Identified the ring of Eggu Zud {Wiz rC++ Will- Str+6}
  5199 | D:8      | Reached skill level 15 in Maces & Flails
  5202 | D:8      | Reached XP level 10. HP: 77/77 MP: 9/9
  5334 | D:8      | Found a bloodstained altar of Trog.
  5461 | D:8      | Reached **** piety under Trog
  5522 | D:8      | Reached skill level 5 in Fighting
  5749 | D:9      | Found Toamuem's Magic Scroll Emporium.
  5779 | D:9      | Bought a scroll of teleportation for 36 gold pieces
  5831 | D:9      | Reached skill level 10 in Armour
  6542 | D:9      | Found a blossoming altar of Fedhas.
  6680 | D:10     | Entered Level 10 of the Dungeon
  6703 | D:10     | Found an ancient bone altar of Kikubaaqudgha.
  6736 | D:10     | Noticed a two-headed ogre
  6754 | D:10     | Killed a two-headed ogre
  6755 | D:10     | Reached skill level 1 in Evocations
  6876 | D:10     | Noticed a two-headed ogre
  6876 | D:10     | Noticed a gargoyle
  6902 | D:9      | Reached XP level 11. HP: 84/94 MP: 10/10
  6903 | D:9      | Reached ***** piety under Trog
  7020 | D:9      | Killed a two-headed ogre
  7093 | D:10     | Found a staircase to the Lair.
  7304 | D:10     | Found Cikhleakh's Changing Room.
  7354 | D:10     | Found a shadowy altar of Dithmenos.
  7436 | D:10     | Found a hazy altar of Hepliaklqana.
  7441 | D:10     | Found an ornate altar of the Wu Jian Council.
  7447 | D:10     | Found a radiant altar of Vehumet.
  7558 | D:10     | Noticed a deep elf pyromancer
  7567 | D:10     | Killed a deep elf pyromancer
  7702 | D:10     | Found a staircase to the Orcish Mines.
  7777 | D:10     | Received a gift from Trog
  7944 | D:10     | Identified a scroll of acquirement
  7945 | D:10     | Acquired the +0 hat of Kikubaaqudgha's Wrath {Dex+3}
  7955 | Orc:1    | Entered Level 1 of the Orcish Mines
  7962 | Orc:1    | Noticed an orc knight
  7983 | Orc:1    | Killed an orc knight
  8184 | Orc:1    | Reached skill level 10 in Fighting
  8258 | Orc:1    | Found Ceredgh's Weapon Shoppe.
  8266 | Orc:1    | Bought 4 boomerangs of dispersal for 72 gold pieces
  8418 | Orc:1    | Noticed an orc knight
  8430 | Orc:1    | Killed an orc knight
  8555 | Orc:2    | Entered Level 2 of the Orcish Mines
  8568 | Orc:2    | Noticed an orc sorcerer
  8608 | Orc:2    | Killed an orc sorcerer
  8609 | Orc:2    | Reached skill level 1 in Throwing
  8742 | Orc:2    | Found Ciqaf's Jewellery Shoppe.
  8928 | Orc:2    | Noticed an orc sorcerer
  8929 | Orc:2    | Paralysed by an orc sorcerer for 4 turns
  8930 | Orc:2    | Noticed an orc knight
  8937 | Orc:2    | Identified the +10 dire flail of the Fulmar {vorpal, rElec
                  | rC+} (Trog gifted it to you on level 2 of the Orcish Mines)
  8937 | Orc:2    | Received a gift from Trog
  8951 | Orc:2    | Killed an orc sorcerer
  8952 | Orc:2    | Reached XP level 12. HP: 87/107 MP: 11/11
  9021 | Orc:2    | Found a staircase to the Elven Halls.
  9111 | Orc:2    | Noticed an orc high priest
  9117 | Orc:2    | Killed an orc high priest
  9127 | Orc:2    | Noticed an orc high priest
  9131 | Orc:2    | Noticed an orc high priest
  9134 | Orc:2    | Paralysed by an orc sorcerer for 4 turns
  9137 | Orc:2    | Annihilated by an orc knight

Illustrated notes

Levels and vault maps discovered:
D:1:      noname_arrival_rooms_in_the_neighbourhood, layout_basic
D:2:      layout_basic
D:3:      layout_loops_cross, nicolae_gozag_seed_capital,
          dreamdust_ecumenical_altar_grove, corner_web_ring
D:4:      layout_rooms
D:5:      layout_loops_ring, bloody_makhleb, tso_oasis_becter, temple_green,
          kennysheep_generic_room_14
D:6:      layout_loops_corners, old_standard_altar, uniq_maggie
D:7:      layout_cave_pools, mainiacjoe_overflow_alcove_4
D:8:      layout_gridville, lemuel_round_altar, minmay_quadrilaterals
D:9:      layout_basic, kennysheep_little_box, serial_shops,
          nicolae_stop_n_shop_2
D:10:     minmay_opposing_rooms, layout_cave_pools,
          mainiacjoe_overflow_tiny_flanked, mainiacjoe_overflow_brackets,
          minmay_overflow_temple_star_quad, dpeg_oklobed_lair,
          hiddenorc2_lemuel, special_room [special_room_kobold],
          nicolae_transmutations_shop
Temple:   nicolae_temple_ecumenical_triangle
Orc:1:    layout_diamond_mine, serial_shops, shop, shop, minmay_orc_barracks
Orc:2:    grunt_orc_tribal_feast, layout_caves, serial_shops,
          nicolae_shop_temple_entry_statues_fountains

Skill      XL: |  1  2  3  4  5  6  7  8  9 10 11 12 |
---------------+-------------------------------------+-----
Maces & Flails | 4 5 6 8 9 11 13 15 | 15.0
Armour         | 5 9 11 13 | 13.6
Fighting       | 8 10 11 | 11.0
Evocations     | 1 4 |  4.9
Throwing       | 2 4 |  4.4
Dodging        | |  2.1

Action                   |  1- 3 |  4- 6 |  7- 9 | 10-12 || total
-------------------------+-------+-------+-------+-------++-------
Melee: Mace              |    85 |   113 |    36 |       ||   234
       Headbutt          |     7 |    16 |    43 |    75 ||   141
       Punch             |       |     1 |     1 |       ||     2
       Flail             |       |       |   128 |       ||   128
       Dire flail        |       |       |    58 |   452 ||   510
Invok: Berserk           |       |     3 |     3 |     8 ||    14
       Trog's Hand       |       |     3 |     3 |     7 ||    13
  Use: Scroll            |     6 |     6 |     6 |     6 ||    24
       Potion            |       |     3 |       |     3 ||     6
Armor: Animal skin       |    19 |       |       |       ||    19
       Scale mail        |     1 |    45 |    19 |       ||    65
       Plate armour      |       |       |    40 |   169 ||   209
Dodge: Dodged            |    49 |    77 |    70 |   143 ||   339
